 Dungeon Crawl Stone Soup version 0.13-a0-2584-g2e76cfd (webtiles) character file.

65284 JacquesDerrida the Unseen (level 14, -4/90 HPs)
             Began as a Vampire Enchanter on July 31, 2013.
             Was the Champion of Kikubaaqudgha.
             Slain by a death yak (23 damage)
             ... in an ice cave.
             The game lasted 01:31:52 (21033 turns).

JacquesDerrida the Unseen (Vampire Enchanter)      Turns: 21033, Time: 01:31:52

HP  -4/90        AC 17     Str  8      XL: 14   Next: 68%
MP   0/30        EV 21     Int 19 (20) God: Kikubaaqudgha [******]
Gold 1703        SH  0     Dex 19      Spells:  8 memorised,  2 levels left

Res.Fire  : . . .   See Invis. : +   E - +5,+4 elf sabre (pain)
Res.Cold  : + + .   Warding    : .   R - +1 elf robe {rC+}
Life Prot.: + + .   Conserve   : +   (no shield)
Res.Poison: +       Res.Corr.  : +   (no helmet)
Res.Elec. : .       Clarity    : +   s - +2 cloak {rCorr, Cons}
Sust.Abil.: . .     Spirit.Shd : .   g - +2 pair of gloves
Res.Mut.  : .       Stasis     : .   J - +2 pair of boots
Res.Rott. : +       Flight     : .   b - amulet of clarity
Saprovore : . . .                    d - +5 ring of protection
                                     q - +5 ring of dexterity

@: regenerating slowly, very slightly contaminated, somewhat resistant to
hostile enchantments, extraordinarily stealthy
A: bottle blood, fangs 3, see invisible, unbreathing
a: Bat Form, Bottle Blood, Receive Corpses, Torment, Renounce Religion


You were in an ice cave.
You worshipped Kikubaaqudgha.
Kikubaaqudgha was exalted by your worship.
You were very thirsty.

You visited 4 branches of the dungeon, and saw 22 of its levels.
You also visited: Ice Cave.

You collected 1683 gold pieces.

Inventory:

Hand weapons
 E - a +5,+4 elven sabre of pain (weapon)
 M - a +1,+1 orcish dagger of flaming (quivered)
Armour
 g - a +2 pair of gloves (worn)
 n - a +0 swamp dragon armour
 p - the -4 pair of boots "Etimpil" {Str+3 Int+3}
   (You found it in an ice cave)

   It affects your strength (+3).
   It affects your intelligence (+3).
 s - a +2 cloak of preservation (worn)
 J - a +2 pair of boots (worn)
 R - a +1 elven robe of cold resistance (worn)
Magical devices
 i - a wand of fire (3)
 t - a wand of frost (16) {unknown}
 C - a wand of lightning (1)
 Y - a wand of lightning (6)
 Z - a wand of draining (4)
Scrolls
 a - a scroll of enchant armour {unknown}
 c - a scroll of recharging {unknown}
 e - a scroll of magic mapping
 h - a scroll of holy word {unknown}
 l - 3 scrolls of identify
 r - 2 scrolls of fear
 w - 4 scrolls of teleportation
 P - 4 scrolls of remove curse
Jewellery
 b - an amulet of clarity (around neck)
 d - a +5 ring of protection (right hand)
 q - a +5 ring of dexterity (left hand)
 G - an uncursed ring of sustenance
Potions
 f - 7 potions of curing
 j - a potion of degeneration {unknown}
 k - a potion of magic
 m - 2 potions of heal wounds
 A - a potion of brilliance
Magical staves
 o - an uncursed staff of air


   Skills:
 - Level 3.1 Fighting
 - Level 13.8 Short Blades
 - Level 0.7 Throwing
 - Level 10.9 Dodging
 - Level 15.0 Stealth
 + Level 8.7 Spellcasting
 + Level 14.0 Hexes
 - Level 4.0 Charms
 - Level 12.2 Necromancy


You had 2 spell levels left.
You knew the following spells:

 Your Spells              Type           Power        Failure   Level  Hunger
a - Corona                Hex            ######.      1%          1    None
b - Ensorcelled Hibernat  Hex/Ice        ####..       1%          2    None
c - Confuse               Hex            ######..     1%          3    None
d - Invisibility          Hex            ######..     4%          6    ######.
e - Dispel Undead         Necr           ######..     1%          5    ####...
f - Swiftness             Chrm/Air       ###.......   8%          2    None
g - Agony                 Necr           ######..     1%          5    ####...
h - Control Undead        Necr           ######....   1%          4    ###....


Dungeon Overview and Level Annotations

Branches:
Dungeon (11/27)            Temple (1/1) D:4             Orc (2/4) D:11
   Lair (8/8) D:9           Swamp (0/5) Lair:5       Spider (0/5) Lair:3
  Slime (0/6) Lair:7

Altars:
Ashenzari
Cheibriados
Elyvilon
Fedhas
Kikubaaqudgha
Makhleb
Nemelex Xobeh
Okawaru
Sif Muna
Trog
Vehumet
Xom
Yredelemnul
Zin
the Shining One
Jiyva


Innate Abilities, Weirdness & Mutations

You heal slowly.
You can bottle blood from corpses.
You have razor-sharp teeth.*
You have supernaturally acute eyesight.
You can survive without breathing.*


Message History

Aiming: Confuse
Press: ? - help, Shift-Dir - straight line, f/p - polar bear
Aim: a polar bear (bewildered and confused)
The death yak easily resists.
The polar bear seems less confused.
The death yak barely misses you.
Casting: Confuse
Confirm with . or Enter, or press ? or * to list all spells.
Aiming: Confuse
Press: ? - help, Shift-Dir - straight line, f/p - polar bear
Aim: a polar bear The death yak resists.
The death yak gores you.
* * * LOW HITPOINT WARNING * * *
Casting: Confuse
Confirm with . or Enter, or press ? or * to list all spells.
Aiming: Confuse
Press: ? - help, Shift-Dir - straight line, f/p - polar bear
Aim: a polar bear The death yak resists.
The death yak gores you!
You die...
Kikubaaqudgha rasps: "You have failed me!
Welcome... oblivion!"

#..
##..#
#....
....##
#...#
#..##
#%U#
##Y#
##@#
#.##
#.##
#..#
##.#
##.#
###.##
##.#.#
#....#


You could see a death yak and a polar bear.

Vanquished Creatures
  Rupert (Lair:7)
  A frost giant (IceCv)
  The ghost of ilii the Fighter, a powerful MiFi of Okawaru (Lair:5)
  2 dragons (Lair:8)
  4 hydras
  Fannar (Lair:4)
  Josephine (D:11)
  An ice dragon (Lair:7)
  6 death yaks
  The ghost of cedor the Carver, a powerful NaSk of Makhleb (IceCv)
  3 hill giants
  2 lindwurms (Lair:8)
  A griffon (Lair:5)
  A black mamba (Lair:4)
  19 elephants
  8 spiny worms
  11 spiny frogs
  4 fire drakes
  4 giant fireflies (Lair:8)
  8 komodo dragons
  3 giant leeches (Lair:8)
  15 polar bears (IceCv)
  4 basilisks
  18 blink frogs
  A shadow (D:11)
  A tarantella (Lair:3)
  36 yaks
  4 hippogriffs
  Eustachio (D:4)
  A wyvern (D:10)
  21 wolves
  A steam dragon (Lair:8)
  5 rock worms (Lair:8)
  Menkaure (D:4)
  A manticore (D:10)
  4 mottled dragons (Lair:8)
  8 orc warriors
  11 porcupines
  A swamp drake (Lair:8)
  4 swamp worms (Lair:5)
  A phantom (D:8)
  2 sky beasts
  A giant goldfish (Lair:5)
  A yellow wasp (D:8)
  A black bear (Lair:4)
  6 centaurs
  An ogre (Orc:1)
  17 crocodiles
  4 ice beasts
  A boring beetle (Lair:8)
  20 water moccasins
  10 giant slugs
  Blork the orc (D:4)
  3 brain worms (Lair:8)
  9 agate snails
  19 giant frogs
  A wyvern zombie (D:11)
  3 killer bees (D:9)
  6 crimson imps
  An electric eel (Lair:5)
  7 orc priests
  2 big fish (Lair:5)
  2 goliath beetles
  9 hounds
  A scorpion (D:10)
  2 two-headed ogre zombies (D:11)
  6 worker ants
  17 orc wizards
  5 iguanas
  20 sheep
  A killer bee zombie (D:7)
  3 jellies
  3 ogre skeletons
  A mummy (D:9)
  A worker ant zombie (D:11)
  3 gnolls (D:4)
  22 adders
  22 green rats
  3 giant centipedes
  17 worms
  3 white imps (Lair:7)
  A grey rat (D:4)
  2 giant eyeballs
  8 giant geckos
  60 orcs
  25 bats
  9 giant cockroaches
  14 goblins
  19 hobgoblins
  11 quokkas
  3 ball pythons (D:1)
  2 giant newts
  A giant spore (D:5)
  A goblin skeleton (D:4)
  41 jackals
  13 kobolds
  A kobold zombie (D:8)
  17 rats
  2 ballistomycetes (D:5)
  A plant (Lair:8)
710 creatures vanquished.

Vanquished Creatures (collateral kills)
  A cyclops skeleton (D:11)
  A big kobold simulacrum (D:11)
2 creatures vanquished.

Vanquished Creatures (others)
  A worker ant (D:4)
  A fungus (Lair:8)
  2 plants (Lair:8)
4 creatures vanquished.

Grand Total: 716 creatures vanquished

Notes
Turn   | Place    | Note
--------------------------------------------------------------
     0 | D:1      | JacquesDerrida, the Vampire Enchanter, began the quest for the Orb.
     0 | D:1      | Reached XP level 1. HP: 13/13 MP: 4/4
   229 | D:1      | Reached XP level 2. HP: 17/19 MP: 5/5
   237 | D:1      | Learned a level 2 spell: Ensorcelled Hibernation
  1022 | D:2      | Reached XP level 3. HP: 24/24 MP: 7/7
  1112 | D:2      | Learned a level 3 spell: Confuse
  1234 | D:2      | Identified a +2 cloak of preservation (You found it on level 2 of the Dungeon)
  1905 | D:3      | Reached XP level 4. HP: 25/30 MP: 0/9
  2451 | D:3      | HP: 1/30 [iguana (6)]
  3250 | D:4      | Reached XP level 5. HP: 29/35 MP: 8/11
  3370 | D:4      | Noticed Menkaure
  3370 | D:4      | Noticed Blork the orc
  3785 | D:4      | Reached skill level 5 in Hexes
  3821 | D:4      | Noticed an ice beast
  3826 | D:4      | Killed an ice beast
  4132 | D:4      | Noticed Eustachio
  4156 | D:4      | Killed Eustachio
  4156 | D:4      | Reached skill level 5 in Short Blades
  4156 | D:4      | Reached skill level 6 in Hexes
  4156 | D:4      | Reached XP level 6. HP: 36/41 MP: 0/13
  4688 | D:4      | Reached skill level 7 in Hexes
  4794 | D:4      | Killed Menkaure
  4794 | D:4      | Reached XP level 7. HP: 46/46 MP: 11/14
  4943 | D:4      | Found a staircase to the Ecumenical Temple.
  4956 | Temple   | Entered the Ecumenical Temple
  4996 | D:4      | Paralysed by a giant eyeball for 2 turns
  5102 | D:4      | Killed Blork the orc
  5102 | D:4      | Reached skill level 8 in Hexes
  5207 | D:5      | Entered Level 5 of the Dungeon
  5264 | D:5      | Reached skill level 5 in Stealth
  5384 | D:5      | Reached skill level 9 in Hexes
  5472 | D:5      | Got a fine chain mail
  5670 | Temple   | Became a worshipper of Kikubaaqudgha
  5734 | D:5      | Reached XP level 8. HP: 38/52 MP: 11/16
  6188 | D:6      | Reached skill level 10 in Hexes
  6313 | D:6      | Got an opal-encrusted leather armour
  6315 | D:6      | Identified the cursed -4 leather armour "Puolim" {Dex+4 Int+3} (You found it on level 6 of the Dungeon)
  6750 | D:6      | Found a deep blue altar of Sif Muna.
  6975 | D:7      | Reached skill level 11 in Hexes
  7093 | D:7      | Acquired Kikubaaqudgha's first power
  7093 | D:7      | Received a gift from Kikubaaqudgha
  7100 | D:7      | Identified Kikubaaqudgha's Catalogue of Stolen Souls (Kikubaaqudgha gifted it to you on level 7 of the Dungeon)
  7280 | D:7      | Found a radiant altar of Vehumet.
  7280 | D:7      | Found a snail-covered altar of Cheibriados.
  7285 | D:7      | Found a blossoming altar of Fedhas.
  7533 | D:8      | Learned a level 6 spell: Invisibility
  7544 | D:8      | Reached XP level 9. HP: 57/57 MP: 12/18
  7684 | D:8      | Reached skill level 12 in Hexes
  7980 | D:8      | Acquired Kikubaaqudgha's second power
  8399 | D:9      | Found a staircase to the Lair.
  8403 | D:9      | Reached skill level 1 in Necromancy
  8467 | Lair:1   | Entered Level 1 of the Lair of Beasts
  8859 | Lair:1   | Noticed a spiny frog
  8870 | Lair:1   | Killed a spiny frog
  8870 | Lair:1   | Reached XP level 10. HP: 24/63 MP: 7/22
  8872 | Lair:1   | HP: 3/63 [crocodile (11)]
  9275 | Lair:1   | Reached skill level 5 in Spellcasting
  9275 | Lair:1   | Reached skill level 5 in Necromancy
  9375 | Lair:1   | Received a gift from Kikubaaqudgha
  9378 | Lair:1   | Identified Kikubaaqudgha's Grimoire of Unholy Magic (Kikubaaqudgha gifted it to you on level 1 of the Lair of Beasts)
  9389 | Lair:1   | Learned a level 5 spell: Dispel Undead
  9724 | D:9      | Found a sparkling altar of Nemelex Xobeh.
  9922 | D:9      | Found a burning altar of Makhleb.
  9922 | D:9      | Noticed a blizzard demon
 10094 | D:9      | Noticed a hill giant
 10166 | D:9      | Killed a hill giant
 10166 | D:9      | Reached skill level 10 in Short Blades
 10166 | D:9      | Reached skill level 5 in Dodging
 10227 | D:9      | Found a bloodstained altar of Trog.
 10227 | D:9      | Found an iron altar of Okawaru.
 10327 | D:10     | Entered Level 10 of the Dungeon
 10536 | Lair:2   | Reached XP level 11. HP: 68/68 MP: 19/24
 11236 | Lair:3   | Reached skill level 1 in Fighting
 11251 | Lair:3   | Acquired Kikubaaqudgha's third power
 11551 | Lair:3   | Found a hole to the Spider Nest.
 12245 | Lair:4   | Noticed a five-headed hydra
 12250 | Lair:4   | Acquired Kikubaaqudgha's fourth power
 12358 | Lair:4   | Killed a six-headed hydra
 12389 | Lair:4   | Reached skill level 10 in Stealth
 12537 | Lair:4   | Noticed Fannar
 12552 | Lair:4   | Killed Fannar
 13016 | Lair:5   | Reached XP level 12. HP: 77/77 MP: 19/25
 13048 | Lair:5   | Noticed an eight-headed hydra
 13055 | Lair:5   | Killed a nine-headed hydra
 13484 | Lair:5   | Found a staircase to the Swamp.
 13530 | Lair:5   | Reached skill level 13 in Stealth
 13611 | Lair:5   | Noticed a five-headed hydra
 13722 | Lair:5   | Killed a five-headed hydra
 13726 | Lair:5   | Reached skill level 14 in Stealth
 13882 | Lair:5   | Noticed ilii's ghost (powerful MiFi)
 13893 | Lair:5   | Killed ilii's ghost
 13893 | Lair:5   | Reached skill level 10 in Necromancy
 14453 | Lair:6   | Reached skill level 15 in Stealth
 14747 | Lair:6   | Reached XP level 13. HP: 75/82 MP: 17/27
 15121 | Lair:7   | Found a viscous altar of Jiyva.
 15121 | Lair:7   | Found a staircase to the Slime Pits.
 15163 | Lair:7   | Learned a level 2 spell: Swiftness
 15251 | Lair:7   | Reached skill level 1 in Charms
 15794 | Temple   | Identified a +5,+4 elven sabre of pain (a +4,+2 elven sabre of electrocution bloodied by Kikubaaqudgha)
 16141 | Lair:1   | Learned a level 5 spell: Agony
 16233 | Lair:7   | Noticed Rupert
 16479 | Lair:7   | Killed Rupert
 16961 | Lair:7   | JacquesDerrida: ГДА в волте с драконом D:
 16961 | Lair:7   | JacquesDerrida: Йоу!
 16963 | Lair:7   | stonewall: >сила 8
 16968 | Lair:7   | JacquesDerrida: Da
 16968 | Lair:7   | JacquesDerrida: Надо бы
 16969 | Lair:7   | stonewall: Как же меня кравл достал, кстати
 16976 | Lair:7   | tesudzi: =)
 16976 | Lair:7   | JacquesDerrida: Играешь много, наверное
 16976 | Lair:7   | stonewall: Да сейчас не особо
 16976 | Lair:7   | JacquesDerrida: Секрет в разнообразии, хе-хе
 16978 | Lair:7   | JacquesDerrida: Играй кем-то другим
 16978 | Lair:7   | JacquesDerrida: Я вот играть не хочу
 16978 | Lair:7   | JacquesDerrida: А вампиром начал
 16978 | Lair:7   | stonewall: Да не в этом дело, просто надоел
 16978 | Lair:7   | JacquesDerrida: Интересно
 16978 | Lair:7   | JacquesDerrida: Не пробовал
 16978 | Lair:7   | stonewall: Тут все одинаковые
 16978 | Lair:7   | JacquesDerrida: Тогда пора двигаться дальше, че
 16978 | Lair:7   | JacquesDerrida: Оставить кравель позади
 16980 | Lair:7   | tesudzi: не правда, есть особенные расы
 16995 | Lair:7   | tesudzi: вампиры вот особенные :)
 17030 | Lair:8   | Entered Level 8 of the Lair of Beasts
 17261 | Lair:8   | JacquesDerrida: Кино посмотри, книжку почитай, поразмышляй о жэтухе
 17261 | Lair:8   | JacquesDerrida: Хе-хе
 17261 | Lair:8   | JacquesDerrida: Картинку нарисуй
 17261 | Lair:8   | JacquesDerrida: Это самое лучшее
 17261 | Lair:8   | JacquesDerrida: Или фтгурку вылепи
 17261 | Lair:8   | JacquesDerrida: Или на что душа заточена
 17261 | Lair:8   | JacquesDerrida: Покоди, вот
 17516 | Lair:8   | JacquesDerrida: Цела банка куренга
 17516 | Lair:8   | JacquesDerrida: Неплохо!
 17631 | Lair:8   | stonewall: И кусок мяса
 17744 | Lair:8   | Reached XP level 14. HP: 68/88 MP: 19/29
 17754 | Lair:8   | stonewall: За рандом чтоле поиграть
 17754 | Lair:8   | JacquesDerrida: человек странник
 17754 | Lair:8   | stonewall: Фигня
 17754 | Lair:8   | JacquesDerrida: Поиграй в дарк солс
 17754 | Lair:8   | stonewall: Фу
 17754 | Lair:8   | JacquesDerrida: Это хорошая игра, хе-хе
 17754 | Lair:8   | JacquesDerrida: Одна из немногих
 17754 | Lair:8   | stonewall: Тот же кравл
 17754 | Lair:8   | JacquesDerrida: Прошлым летом целый месяц потратил на нее
 17754 | Lair:8   | JacquesDerrida: 100 часов наиграл
 17754 | Lair:8   | JacquesDerrida: Мне он сильнее понравился
 17754 | Lair:8   | JacquesDerrida: Там атмосфера, тоска
 17754 | Lair:8   | JacquesDerrida: И есть много интересных локаций
 17754 | Lair:8   | JacquesDerrida: Хотя вторая половина игры так себе
 17754 | Lair:8   | JacquesDerrida: С балансом напортачили
 17802 | Lair:8   | stonewall: Атмосферка и в кинце есть
 17853 | Lair:8   | JacquesDerrida: Дык
 17853 | Lair:8   | JacquesDerrida: Одно другому не мешает
 17853 | Lair:8   | stonewall: Все равно
 17853 | Lair:8   | JacquesDerrida: Сегодня отсматриваешь фильмографию Брессона
 17853 | Lair:8   | JacquesDerrida: Завтра убиваешь демонов
 17853 | Lair:8   | JacquesDerrida: А лучше все в один день
 17853 | Lair:8   | JacquesDerrida: Лето же
 17853 | Lair:8   | JacquesDerrida: Сходи выпей водки
 17853 | Lair:8   | JacquesDerrida: Дунь
 17853 | Lair:8   | JacquesDerrida: Скушай марочку
 17853 | Lair:8   | JacquesDerrida: Все будет ок
 17853 | Lair:8   | JacquesDerrida: D: D: D:
 17889 | Lair:8   | JacquesDerrida: А может и правда пора забывать про кравель, если неприязнь к нему специфическая
 17889 | Lair:8   | JacquesDerrida: Все из него выжал если
 17889 | Lair:8   | stonewall: Да нету неприязни
 17889 | Lair:8   | stonewall: Просто персонажа опять проебал, вот и ною
 17889 | Lair:8   | JacquesDerrida: Исчерпал он себя
 17889 | Lair:8   | JacquesDerrida: А в нем много всего
 17889 | Lair:8   | JacquesDerrida: А...
 17889 | Lair:8   | JacquesDerrida: Какого персонажа, розкожы
 17919 | Lair:8   | stonewall: Идеального стаббера
 17936 | Lair:8   | stonewall: С карты убил, лол
 17963 | Lair:8   | JacquesDerrida: Вампир?
 17963 | Lair:8   | JacquesDerrida: Немелекса
 17963 | Lair:8   | stonewall: Мумия
 17963 | Lair:8   | stonewall: Немелекса
 17963 | Lair:8   | JacquesDerrida: Ого
 17963 | Lair:8   | JacquesDerrida: Это обидно, да
 17963 | Lair:8   | JacquesDerrida: Они же не взлетают!
 17963 | Lair:8   | JacquesDerrida: Что за карта?
 17963 | Lair:8   | stonewall: Там вортексы или кто-то с молниями были
 17967 | Lair:8   | stonewall: За ход убили
 17970 | Lair:8   | stonewall: Такие пушистые
 17972 | Lair:8   | stonewall: Как облака
 17979 | Lair:8   | JacquesDerrida: пар
 17979 | Lair:8   | JacquesDerrida: вейпор
 17979 | Lair:8   | JacquesDerrida: Наверное
 17979 | Lair:8   | stonewall: Ага
 17979 | Lair:8   | stonewall: Точно
 17979 | Lair:8   | JacquesDerrida: Опасные
 17979 | Lair:8   | stonewall: Ну я хода 3-4 пошагал от них
 17979 | Lair:8   | stonewall: А потом вашнот
 17979 | Lair:8   | stonewall: ваншот*
 17979 | Lair:8   | JacquesDerrida: Немелекс скотинит
 17979 | Lair:8   | JacquesDerrida: Нужно не забывать про 3 и 4 абилки немелекса
 17979 | Lair:8   | JacquesDerrida: Ими хорошо из колод побега тянуть
 17979 | Lair:8   | stonewall: Забыл
 17979 | Lair:8   | stonewall: Ну или особо не было желания думать
 17979 | Lair:8   | JacquesDerrida: 4 из побега -- враги портаются, тебе сфивт+хейст, ктеле и телепорт
 17979 | Lair:8   | JacquesDerrida: Хе-хе
 17979 | Lair:8   | JacquesDerrida: Это если из легендарной
 17979 | Lair:8   | JacquesDerrida: Очень мощный способ убежать
 18595 | Lair:8   | Reached skill level 10 in Dodging
 18915 | Lair:1   | JacquesDerrida: Дракон летал во сне
 18915 | Lair:1   | JacquesDerrida: правда написал слип вокин
 18915 | Lair:1   | stonewall: Усыпил в конфузе?
 18915 | Lair:1   | JacquesDerrida: Надо было флаин!
 18915 | Lair:1   | JacquesDerrida: Не предусмотрели!
 18915 | Lair:1   | JacquesDerrida: Как-то не
 18915 | Lair:1   | JacquesDerrida: Он убегал
 18915 | Lair:1   | stonewall: Я думаю это фраза такая типа "ходит во сне"
 18915 | Lair:1   | JacquesDerrida: И я усыпил
 18915 | Lair:1   | JacquesDerrida: Да
 18915 | Lair:1   | stonewall: Не буквально переводится кароч
 18915 | Lair:1   | JacquesDerrida: Но они тут пределывали
 18915 | Lair:1   | JacquesDerrida: дед а воикн
 18915 | Lair:1   | JacquesDerrida: вокин
 18915 | Lair:1   | JacquesDerrida: Это тоже из глубин времен
 18915 | Lair:1   | JacquesDerrida: Но это ок
 18915 | Lair:1   | JacquesDerrida: Надо убить орков
 19061 | D:10     | JacquesDerrida: Кику не подарил возраждалку трупов
 19061 | D:10     | JacquesDerrida: Странно!
 19104 | D:10     | Noticed a hill giant
 19106 | D:10     | Killed a hill giant
 19189 | D:10     | Noticed a hill giant
 19206 | D:10     | Killed a hill giant
 19242 | D:10     | stonewall: У него теперь рандомные варианты спеллов
 19463 | D:10     | stonewall: {1, 2}, {3, 4}, {5, 6} и тд
 19477 | D:11     | Noticed Josephine
 19478 | D:11     | stonewall: Из этих пар один выбирает
 19478 | D:11     | JacquesDerrida: (((
 19479 | D:11     | Killed Josephine
 19515 | Lair:1   | Learned a level 4 spell: Control Undead
 19700 | D:11     | Found a staircase to the Orcish Mines.
 20056 | Orc:1    | Entered Level 1 of the Orcish Mines
 20316 | Orc:2    | Found a frozen archway.
 20384 | IceCv    | Entered an ice cave
 20384 | IceCv    | Noticed cedor's ghost (powerful NaSk)
 20388 | IceCv    | Killed cedor's ghost
 20545 | IceCv    | Got a pair of jewelled boots
 20553 | IceCv    | Identified the cursed -4 pair of boots "Etimpil" {Str+3 Int+3} (You found it in an ice cave)
 20969 | IceCv    | Noticed a frost giant
 21024 | IceCv    | Killed a frost giant
 21033 | IceCv    | Slain by a death yak

Action                   |  1- 3 |  4- 6 |  7- 9 | 10-12 | 13-15 || total
-------------------------+-------+-------+-------+-------+-------++-------
Melee: Dagger            |   155 |   128 |   133 |     7 |       ||   423
       Unarmed           |       |     1 |       |       |       ||     1
       Sabre             |       |       |   181 |   364 |   521 ||  1066
Throw: Dart              |       |       |     1 |       |       ||     1
 Cast: Ensorcelled Hiber |    11 |    36 |    70 |    98 |    79 ||   294
       Confuse           |       |     4 |    20 |     6 |    54 ||    84
       Corona            |       |     1 |       |       |       ||     1
       Invisibility      |       |       |     5 |    15 |    16 ||    36
       Dispel Undead     |       |       |       |     4 |     4 ||     8
       Agony             |       |       |       |       |     6 ||     6
       Swiftness         |       |       |       |       |     1 ||     1
       Control Undead    |       |       |       |       |     1 ||     1
 Abil: End Transformatio |       |     2 |     2 |     1 |     3 ||     8
       Bat Form          |       |     2 |     2 |     1 |     3 ||     8
Evoke: Wand              |       |       |     3 |     3 |     5 ||    11
  Use: Potion            |       |     2 |       |     2 |    10 ||    14
       Scroll            |       |       |    17 |     7 |     6 ||    30
 Stab: Sleeping          |    18 |    24 |    71 |   157 |   128 ||   398
       Distracted        |     1 |       |     3 |     2 |     3 ||     9
       Confused          |       |     3 |     7 |     4 |    19 ||    33
       Invisible         |       |       |     8 |    19 |    38 ||    65
       Betrayed ally     |       |       |       |       |     3 ||     3
       Fleeing           |       |       |       |       |     1 ||     1
